 Dungeon Crawl Stone Soup version 0.28-a0-511-gcc94558de3 (webtiles) character file.

Game seed: 267187113382706810

59012 robertstho the Thaumaturge (level 15, -24/110 HPs)
             Began as a Djinni Fire Elementalist on Sept 20, 2021.
             Was an Initiate of Gozag.
             Hit by a large rock thrown by a stone giant (38 damage)
             ... on level 15 of the Dungeon on Sept 21, 2021.
             The game lasted 00:44:41 (23800 turns).

robertstho the Thaumaturge (DjFE)                  Turns: 23800, Time: 00:44:42

Health: -24/110    AC: 15    Str:  7    XL:     15   Next: 32%
Gold:   1905       EV: 16    Int: 22    God:    Gozag SH:  0 Dex: 15

rFire   + + .      SeeInvis +   I - +4 quarterstaff (spect)
rCold   . . .      Faith    .   (shield currently unavailable)
rNeg    . . .      Spirit   .   V - +1 robe of Laxec {rC+ Will++}
rPois   ∞          Reflect  .   s - +2 helmet {SInv}
rElec   .          Harm     .   a - +0 cloak {rCorr}
rCorr   +          Rampage  .   j - +2 pair of gloves
Will    ++++.                   (boots unavailable)
Stlth   +++.......              e - amulet of regeneration
HPRegen 1.28/turn               K - +4 ring of protection
MPRegen 0.00/turn               l - ring of willpower

@: flying, studying Armour
A: sickness immunity, fire resistance 2, cold vulnerability 1, float, innate
caster, hp casting, extra vitality 1
a: Renounce Religion, Potion Petition, Call Merchant, Bribe Branch


You were on level 15 of the Dungeon.
You worshipped Gozag.
Gozag was most pleased with you.
You visited 5 branches of the dungeon, and saw 24 of its levels.
You also visited: Ossuary.

You collected 6427 gold pieces.
You spent 2792 gold pieces at shops.
You paid 1730 gold pieces to Gozag.

Inventory:

Hand Weapons
 c - a +2 dagger of venom
 H - a +1 hand axe of flaming
 I - a +4 spectral quarterstaff (weapon)
 J - the +5 spear of the Empty Page {vorpal, Str+2}
   (You found it on level 8 of the Dungeon)

   It inflicts extra damage upon your enemies.
   Str:       It affects your strength (+2).
Armour
 a - a +0 cloak of preservation (worn)
 j - a +2 pair of gloves (worn)
 k - a scarf of shadows
 s - a +2 helmet of see invisible (worn)
 t - the +1 ring mail of Theory {rPois Will+ rCorr}
   (You bought it in a shop on level 2 of the Orcish Mines)

   rPois:     It protects you from poison.
   rCorr:     It protects you from acid and corrosion.
   Will:      It increases your willpower.
 E - a +2 leather armour of cold resistance
 V - the +1 robe of Laxec (worn) {rC+ Will++}
   (You bought it in a shop on level 11 of the Dungeon)

   rC:        It protects you from cold.
   Will:      It greatly increases your willpower.
Jewellery
 e - an amulet of regeneration (around neck)
 l - a ring of willpower (right hand)
 q - a ring of see invisible
 z - a ring of willpower
 K - a +4 ring of protection (left hand)
 Q - a +6 ring of intelligence
 Y - a ring of fire
Wands
 u - a wand of polymorph (8)
 w - a wand of flame (14)
 L - a wand of iceblast (1)
 R - a wand of digging (6)
 Z - a wand of paralysis (9)
Scrolls
 b - 4 scrolls of immolation
 g - 16 scrolls of teleportation
 h - 3 scrolls of blinking
 m - 3 scrolls of vulnerability
 p - 4 scrolls of fear
 r - 4 scrolls of fog
 y - a scroll of summoning
 B - 5 scrolls of holy word
 F - 2 scrolls of torment
 G - 2 scrolls of brand weapon
 N - 5 scrolls of magic mapping
 P - 13 scrolls of identify
 S - a scroll of silence
Potions
 d - 4 potions of brilliance
 f - 3 potions of cancellation
 i - 9 potions of curing
 n - 6 potions of might
 o - 3 potions of mutation
 v - 2 potions of ambrosia
 x - 3 potions of resistance
 A - 5 potions of haste
 D - 3 potions of invisibility
 M - 4 potions of attraction
 W - a potion of lignification
 X - 2 potions of berserk rage
Miscellaneous
 O - a phantom mirror


   Skills:
 * Level 11.1 Fighting
 + Level 1.7 Short Blades
 + Level 7.8 Staves
 + Level 6.4 Armour
 + Level 7.8 Dodging
 + Level 6.4 Stealth
 * Level 14.8 Spellcasting
 + Level 1.6 Evocations


You had 6 spell levels left.
You knew the following spells:

 Your Spells              Type           Power      Damage    Failure   Level
a - Foxfire               Conj/Fire      100%       2x1d9     0%          1
b - Scorch                Fire           100%       2d10      0%          2
c - Conjure Flame         Conj/Fire      69%        6-21      1%          3
d - Inner Flame           Hex/Fire       69%        N/A       1%          3
e - Flame Wave            Conj/Fire      69%        3d12      1%          4
f - Beastly Appendage     Tmut           100%       N/A       0%          1
g - Static Discharge      Conj/Air       69%        N/A       0%          2
h - Slow                  Hex            69%        N/A       0%          2
i - Animate Dead          Necr           34%        N/A       1%          4
j - Cause Fear            Hex            34%        N/A       1%          4
k - Yara's Violent Unrav  Hex/Tmut       34%        3d14      1%          5
l - Summon Cactus Giant   Summ           34%        N/A       1%          6
Your spell library was empty.

Dungeon Overview and Level Annotations

Branches:
Dungeon (15/15)            Temple (1/1) D:6            Lair (5/6) D:8
 Shoals (0/4) Lair:2        Snake (1/4) Lair:4          Orc (2/2) D:11
    Elf (0/3) Orc:2        Vaults (0/5) D:13        Ossuary (visited)
  Slime: Lair:5-6    Depths: D:15

Altars:
Ashenzari
Cheibriados
Dithmenos
Elyvilon
Fedhas
Gozag
Hepliaklqana
Kikubaaqudgha
Makhleb
Nemelex Xobeh
Qazlal
Sif Muna
Trog
Uskayaw
Vehumet
Wu Jian
Xom
Yredelemnul
Zin
The Shining One
Beogh

Shops:
D:2 *(*!*   D:5 [   D:11 [=(?[(   D:13 !   Orc:2 [!??[?(

Annotations:
D:5 1 runed translucent door, Shayle's ghost, novice OgWr
D:9 2 transporters, robertstho's ghost, novice MiCA
Snake:1 Roxanne


Innate Abilities, Weirdness & Mutations

You are immune to sickness and miasma.
You are immune to poison.
Your flesh is very heat resistant. (rF++)
You are vulnerable to cold. (rC-)
You float through the air rather than walking.
You learn spells naturally, not from books.
Your magical power is your life essence.
You have superior vitality. (+4 HP)


Message History

Gang up on whom?
Press: ? - help, Dir - move target, f/p - stone giant
Aim: a stone giant, quivering large rocks (ally target) Attack!
The tengu warrior shoots an arrow.
The arrow hits your cactus giant!!
The stone giant throws a large rock.
The large rock hits your cactus giant!!
Unknown command.
Casting: Summon Cactus Giant (dangerous; 1% risk of failure)
Confirm with . or Enter, or press ? or * to list all spells.
Flames lash the tengu warrior.
The tengu warrior is lightly wounded.
The tengu warrior's fire resistance burns away.
The tengu warrior shoots an arrow.
The arrow barely misses you.
The stone giant is struck by your cactus giant's spines.
The stone giant hits your cactus giant!
Casting: Scorch (safe; 0% risk of failure)
Confirm with . or Enter, or press ? or * to list all spells.
Flames lash the stone giant but do no damage.
The tengu warrior shoots an arrow.
The arrow hits you!
Your cactus giant splashes around in the water.
The stone giant throws a large rock.
The large rock hits your cactus giant!!
Your cactus giant is destroyed!
Your cactus giant disappears in a puff of smoke!
Casting: Scorch (safe; 0% risk of failure)
Confirm with . or Enter, or press ? or * to list all spells.
Flames lash the stone giant.
The stone giant is moderately wounded.
The stone giant's fire resistance burns away.
The tengu warrior shoots an arrow.
The arrow hits you!
Unknown command.
Casting: Scorch (safe; 0% risk of failure)
Confirm with . or Enter, or press ? or * to list all spells.
Flames lash the stone giant but do no damage.
The tengu warrior is no longer more vulnerable to fire.
The tengu warrior shoots an arrow.
The arrow completely misses you.
The stone giant throws a large rock.
The large rock hits you!!
* * * LOW HITPOINT WARNING * * *
You feel better.
The stone giant throws a large rock.
The large rock hits you!!!
You die...
Your body crumbles into a pile of gold.

.........)).###..#
+##+#....<### ##.#
############.#
......≈≈#.#
#≈≈≈#.≈#.#
#......#.#
#..C##.'.#
#Q.....###
#+###@≈≈#.≈# $
#..).....≈≈#
############


You could see a stone giant (combustible) and a tengu warrior.

Vanquished Creatures
  Frances (D:14)
  Azrael (Orc:2)
  2 hydras
  3 two-headed ogres
  3 centaur warriors
  4 tengu warriors
  4 vault guards
  4 orc high priests
  Sonja (D:10)
  A skeletal warrior (D:15)
  A wizard (D:11)
  4 orc knights (Orc:2)
  4 deep elf pyromancers
  An ugly thing (D:13)
  5 orc sorcerers (Orc:2)
  3 cyclopes
  5 elephants (Lair:4)
  A merfolk siren (Lair:2)
  Joseph (D:7)
  2 black mambas
  10 cane toads
  A freezing wraith (D:13)
  A kobold demonologist (D:11)
  2 rime drakes
  7 komodo dragons
  5 trolls
  A polar bear (Lair:5)
  A merfolk (Lair:2)
  12 slime creatures
  6 blink frogs
  2 shadows
  A meliai zombie (D:10)
  2 wyverns
  Eustachio (D:5)
  A fire elemental (Orc:2)
  A golden eye (shapeshifter) (D:14)
  A water elemental (D:14)
  3 wraiths
  34 yaks
  7 humans (D:13)
  2 basilisks
  A steam dragon (D:8)
  9 vampire mosquitoes
  A naga (Lair:4)
  2 wargs
  6 water moccasins
  2 hell hounds (Orc:2)
  A hornet zombie (D:8)
  An ice beast (D:7)
  21 orc warriors
  3 black bears
  10 ogres
  A centaur (D:8)
  7 wolves
  2 phantoms (D:11)
  2 kobold brigands
  9 bullfrogs
  2 gnoll sergeants
  4 scorpions
  A water moccasin zombie (D:6)
  9 killer bees
  3 troll zombies (D:11)
  23 wights
  3 electric eels
  5 howler monkeys
  A crimson imp (D:11)
  3 centaur zombies
  A bullfrog skeleton (D:6)
  3 hounds
  20 orc priests
  2 centaur skeletons
  2 iguanas
  25 orc wizards
  5 ogre zombies (D:11)
  A hound zombie (D:5)
  2 hound skeletons
  8 mummies (Ossuary)
  A howler monkey zombie (D:9)
  13 gnolls
  7 adders
  3 shadow imps
  An ufetubus (D:7)
  An adder skeleton (D:4)
  2 worms
  4 dart slugs
  73 orcs
  6 ball pythons
  8 endoplasms
  2 giant cockroaches
  3 gnoll zombies (Ossuary)
  7 goblins
  7 hobgoblins
  4 jackals
  6 quokkas
  9 bats
  4 frilled lizards
  2 goblin skeletons (D:11)
  5 goblin zombies (D:11)
  A hobgoblin skeleton (D:11)
  5 hobgoblin zombies
  14 kobolds
  2 orc skeletons (D:11)
  15 orc zombies
  11 rats (D:1)
  A bush (Lair:5)
570 creatures vanquished.

Vanquished Creatures (collateral kills)
  A hydra (D:14)
  A death knight (D:14)
  3 skeletal warriors
  A freezing wraith (D:14)
6 creatures vanquished.

Vanquished Creatures (others)
  An orc knight (Orc:2)
  A hell hound (Orc:2)
  559 foxfires
  67 fungi
  46 plants
674 creatures vanquished.

Grand Total: 1250 creatures vanquished

Notes
Turn   | Place    | Note
-------+----------+-------------------------------------------
     0 | D:1      | robertstho the Djinni Fire Elementalist began the quest for
                  | the Orb.
     0 | D:1      | Reached XP level 1. HP: 15/15 MP: 0/0
   379 | D:1      | Reached XP level 2. HP: 19/21 MP: 0/0
   735 | D:1      | Reached skill level 3 in Spellcasting
   798 | D:1      | Reached XP level 3. HP: 24/26 MP: 0/0
   798 | D:1      | Learned a level 1 spell: Beastly Appendage
  1365 | D:1      | Reached skill level 1 in Fighting
  1935 | D:2      | Found Nuux's Distillery.
  1939 | D:2      | Bought a potion of curing for 36 gold pieces
  1940 | D:2      | Found a burning altar of Makhleb.
  2172 | D:2      | Found Aqeimnab's Antique Weapon Shop.
  2177 | D:2      | Found Nunaxuagg's General Store.
  2186 | D:2      | Bought a scroll of identify for 28 gold pieces
  2233 | D:2      | Reached XP level 4. HP: 30/32 MP: 0/0
  2293 | D:2      | Found Issehypt's General Store.
  2389 | D:2      | Found Tuthra's Assorted Antiques.
  2760 | D:2      | Bought a scroll of identify for 42 gold pieces
  3389 | D:3      | Reached XP level 5. HP: 31/37 MP: 0/0
  3389 | D:3      | Learned a level 2 spell: Static Discharge
  3463 | D:3      | Found a faded altar of an unknown god.
  3700 | D:3      | Found a hide-covered altar of Uskayaw.
  4758 | D:4      | Reached XP level 6. HP: 38/43 MP: 0/0
  4817 | D:4      | Reached skill level 1 in Short Blades
  4817 | D:4      | Reached skill level 4 in Spellcasting
  4948 | D:4      | Found a basalt altar of Yredelemnul.
  4948 | D:4      | Noticed an ogre
  4950 | D:4      | Noticed a profane servitor
  4960 | D:4      | Killed an ogre
  4961 | D:4      | Reached XP level 7. HP: 49/49 MP: 0/0
  4961 | D:4      | Learned a level 2 spell: Slow
  5136 | D:4      | Found a glowing golden altar of the Shining One.
  5138 | D:4      | Noticed an angel
  5191 | D:4      | Reached skill level 5 in Spellcasting
  5645 | D:4      | Found a blossoming altar of Fedhas.
  5842 | D:5      | Entered Level 5 of the Dungeon
  5844 | D:5      | Found a broken altar of Ashenzari.
  5938 | D:5      | Reached XP level 8. HP: 50/55 MP: 0/0
  6053 | D:5      | Found a runed translucent door.
  6053 | D:5      | Noticed Shayle's ghost (novice OgWr)
  6168 | D:5      | Found a sand-covered staircase.
  6315 | Ossuary  | Entered an ossuary
  7008 | D:5      | Found Sinicoy's Antique Armour Shop.
  7021 | D:5      | Reached skill level 6 in Spellcasting
  7057 | D:5      | Noticed Eustachio
  7070 | D:5      | Killed Eustachio
  8131 | D:6      | Reached skill level 7 in Spellcasting
  8204 | D:6      | Found a white marble altar of Elyvilon.
  8309 | D:6      | Reached XP level 9. HP: 56/61 MP: 0/0
  8309 | D:6      | Learned a level 4 spell: Animate Dead
  8379 | D:6      | Found a staircase to the Ecumenical Temple.
  8837 | D:7      | Noticed Joseph
  8848 | D:7      | HP: 3/62 [Joseph/sling bullet (11)]
  8852 | D:7      | Killed Joseph
  8853 | D:7      | Reached skill level 1 in Armour
  8853 | D:7      | Reached skill level 8 in Spellcasting
  9185 | D:7      | Found an ornate altar of the Wu Jian Council.
  9480 | D:7      | You are sucked into a shaft and drop 2 floors!
  9485 | D:9      | Found a transporter.
  9492 | D:9      | Found a transporter.
  9525 | D:9      | Noticed robertstho's ghost (novice MiCA)
  9986 | D:9      | Reached XP level 10. HP: 44/69 MP: 0/0
  9996 | D:9      | Identified 2 scrolls of acquirement
  9996 | D:9      | Acquired a manual of Armour
  9998 | D:9      | Acquired a +2 helmet of see invisible
 10202 | D:8      | Identified the +5 spear of the Empty Page {vorpal, Str+2}
 10340 | D:8      | Reached skill level 9 in Spellcasting
 10350 | D:8      | Reached skill level 5 in Fighting
 10468 | D:8      | Reached skill level 10 in Spellcasting
 10553 | D:8      | Noticed a komodo dragon
 10561 | D:8      | Killed a komodo dragon
 10600 | D:8      | Found a staircase to the Lair.
 10681 | Temple   | Entered the Ecumenical Temple
 10823 | Temple   | Became a worshipper of Gozag Ym Sagoz the Greedy
 11307 | D:8      | Found a snail-covered altar of Cheibriados.
 12321 | D:9      | Reached XP level 11. HP: 76/76 MP: 0/0
 12321 | D:9      | Learned a level 4 spell: Cause Fear
 12342 | D:10     | Entered Level 10 of the Dungeon
 12578 | D:10     | Noticed a centaur warrior
 12584 | D:10     | Killed a centaur warrior
 12585 | D:10     | Reached skill level 1 in Staves
 12585 | D:10     | Reached skill level 11 in Spellcasting
 12643 | D:10     | Noticed Sonja
 12648 | D:10     | Killed Sonja
 12947 | D:10     | Noticed a tengu warrior
 12948 | D:10     | Noticed a centaur warrior
 12948 | D:10     | Noticed a deep elf pyromancer
 13052 | Lair:1   | Entered Level 1 of the Lair of Beasts
 13052 | Lair:1   | Found a shimmering altar of Xom.
 13075 | Lair:1   | Noticed a five-headed hydra
 13116 | Lair:1   | Killed a five-headed hydra
 13464 | Lair:1   | Reached XP level 12. HP: 69/85 MP: 0/0
 14331 | Lair:2   | Found a staircase to the Shoals.
 14457 | Lair:2   | Reached skill level 5 in Staves
 15540 | Lair:3   | Noticed a four-headed hydra
 15546 | Lair:3   | Killed a four-headed hydra
 15547 | Lair:3   | Reached skill level 5 in Armour
 15547 | Lair:3   | Reached skill level 12 in Spellcasting
 15945 | Lair:4   | Found a staircase to the Snake Pit.
 16251 | Lair:4   | Reached skill level 5 in Dodging
 16325 | Lair:4   | Reached XP level 13. HP: 72/93 MP: 0/0
 16325 | Lair:4   | Learned a level 5 spell: Yara's Violent Unravelling
 16969 | Lair:5   | Reached skill level 5 in Stealth
 17105 | Snake:1  | Entered Level 1 of the Snake Pit
 17105 | Snake:1  | Identified Roxanne's Collected Works on Changing
 17105 | Snake:1  | Noticed Roxanne
 17268 | D:11     | Found Itex's Jewellery Shoppe.
 17291 | D:11     | Bought a jasper-encrusted ring mail for 234 gold pieces
 17291 | D:11     | Identified the +3 ring mail "Xiecletink" {SInv} (You bought
                  | it in a shop on level 11 of the Dungeon)
 17291 | D:11     | Bought an opalescent robe for 148 gold pieces
 17291 | D:11     | Identified the +1 robe of Laxec {rC+ Will++} (You bought it
                  | in a shop on level 11 of the Dungeon)
 17439 | D:2      | Bought 2 potions of might for 96 gold pieces
 17439 | D:2      | Bought a potion of heal wounds for 60 gold pieces
 17439 | D:2      | Bought a potion of lignification for 36 gold pieces
 17439 | D:2      | Bought a potion of berserk rage for 60 gold pieces
 17644 | D:11     | Found a staircase to the Orcish Mines.
 17840 | D:11     | Found Iptocil's Weapon Shoppe.
 18186 | D:11     | Identified the +1 chain mail "Zariuj" {rPois Dex+3}
 18287 | D:11     | Found Ucziz's Antique Armour Shop.
 18293 | D:11     | Found Nackiram's Magic Scroll Boutique.
 18303 | D:11     | Bought a scroll of fog for 24 gold pieces
 18303 | D:11     | Bought a scroll of identify for 24 gold pieces
 18303 | D:11     | Bought 3 scrolls of identify for 72 gold pieces
 18303 | D:11     | Bought a scroll of magic mapping for 42 gold pieces
 18303 | D:11     | Bought a scroll of identify for 24 gold pieces
 18303 | D:11     | Bought a scroll of teleportation for 36 gold pieces
 18303 | D:11     | Bought a scroll of noise for 12 gold pieces
 18310 | D:11     | Found Tebugec's Antique Weapon Boutique.
 18972 | D:12     | Reached skill level 13 in Spellcasting
 18976 | D:12     | Acquired 839 gold pieces
 19088 | D:10     | Killed a centaur warrior
 19146 | D:10     | HP: 3/95 [two-headed ogre (10)]
 19607 | D:12     | Reached XP level 14. HP: 97/102 MP: 0/0
 19739 | D:13     | Reached skill level 10 in Fighting
 20013 | Orc:1    | Entered Level 1 of the Orcish Mines
 20017 | Orc:1    | Upgraded the game from 0.28-a0-503-g83f2989fac to
                  | 0.28-a0-511-gcc94558de3
 20221 | Orc:2    | Entered Level 2 of the Orcish Mines
 20240 | Orc:2    | Found a staircase to the Elven Halls.
 20319 | Orc:2    | Found Ucvel's Magic Scroll Emporium.
 20365 | Orc:2    | Bought a scroll of identify for 22 gold pieces
 20365 | Orc:2    | Bought a scroll of identify for 22 gold pieces
 20365 | Orc:2    | Bought a scroll of blinking for 82 gold pieces
 20399 | Orc:2    | Found Wusywn's Weapon Boutique.
 20479 | Orc:2    | Found Lusin's Distillery.
 20489 | Orc:2    | Noticed Azrael
 20542 | Orc:2    | HP: 1/103 [Azrael/damnation (37)]
 20546 | Orc:2    | Killed Azrael
 20547 | Orc:2    | Reached skill level 14 in Spellcasting
 20862 | Orc:2    | Found Wicriv's Antique Armour Shop.
 20882 | Orc:2    | Reached skill level 1 in Evocations
 21094 | Orc:2    | Found Voph's Magic Scroll Shoppe.
 21103 | Orc:2    | Bought a glowing cloak for 270 gold pieces
 21114 | Orc:2    | Bought a pair of glowing gloves for 270 gold pieces
 21128 | Orc:2    | Bought a scroll of identify for 30 gold pieces
 21128 | Orc:2    | Bought a scroll of identify for 30 gold pieces
 21128 | Orc:2    | Found Eduapsam's Magic Scroll Shoppe.
 21130 | Orc:2    | Found Ekorph's Antique Armour Shop.
 21136 | Orc:2    | Bought a scroll of blinking for 97 gold pieces
 21136 | Orc:2    | Bought a scroll of teleportation for 39 gold pieces
 21136 | Orc:2    | Bought a scroll of fear for 45 gold pieces
 21136 | Orc:2    | Bought a scroll of teleportation for 39 gold pieces
 21139 | Orc:2    | Bought an embroidered scarf for 312 gold pieces
 21139 | Orc:2    | Bought a steaming ring mail for 351 gold pieces
 21139 | Orc:2    | Identified the +1 ring mail of Theory {rPois Will+ rCorr}
                  | (You bought it in a shop on level 2 of the Orcish Mines)
 22266 | D:13     | Bought a potion of haste for 110 gold pieces
 22266 | D:13     | Bought a potion of curing for 33 gold pieces
 22266 | D:13     | Bought a potion of curing for 33 gold pieces
 22266 | D:13     | Bought a potion of curing for 33 gold pieces
 22348 | D:13     | Reached XP level 15. HP: 74/109 MP: 0/0
 22348 | D:13     | Learned a level 6 spell: Summon Cactus Giant
 22725 | D:13     | Found a gate to the Vaults.
 22787 | D:14     | Noticed Frances
 22804 | D:14     | Killed Frances
 23708 | D:15     | Entered Level 15 of the Dungeon
 23799 | D:15     | HP: 4/110 [stone giant/large rock (32)]
 23800 | D:15     | Hit by a large rock thrown by a stone giant

Illustrated notes

Levels and vault maps discovered:
D:1:      ncdulo_smallfort, layout_loops_corners, minmay_rat_gold_closets
D:2:      layout_basic, serial_shops, shop, shop, shop_coins,
          nicolae_shop_statue_plus, nicolae_shop_temple_entry_statues_fountains,
          basic_altar
D:3:      layout_basic, mainiacjoe_overflow_cross_hatched,
          ebering_ecumenical_altar_abandoned
D:4:      layout_loops_cross, grunt_temple_overflow_growth_and_decay,
          grunt_temple_overflow_holy_war, kennysheep_generic_room_12
D:5:      layout_basic, ashenzari_altar_1,
          nicolae_ossuary_entry_false_entrances, hellmonk_ghost_happy_afterlife,
          serial_shops, shop, nrook_uturn, hangedman_decor_slide_cut,
          minmay_parallelograms, uniq_eustachio
D:6:      layout_basic, lemuel_doored_altar,
          minmay_temple_entry_drinking_statues, hex_medium, st_stairs_3
D:7:      layout_cave_pods, mainiacjoe_overflow_surrounded_room, uniq_joseph
D:8:      layout_layer_cave, mainiacjoe_overflow_catch_the_wave,
          david_lair_shrubbed
D:9:      layout_irregular_city, nicolae_sif_muna_condensation,
          gammafunk_ghost_stat_death, serial_column_ruins, column_ruins_hut,
          column_ruins_grid_1, column_ruins_grid_4, column_ruins_grid_1,
          column_ruins_grid_1, column_ruins_grid_1, column_ruins_grid_1
D:10:     minmay_bloctagon_deflated, layout_gridville,
          nicolae_overflow_hidden_temple, special_room [special_room_orc],
          kennysheep_generic_room_11, uniq_sonja
D:11:     layout_stronghold, zombieorc2_lemuel, serial_shops,
          nicolae_shop_statue_plus, shop, shop, nicolae_square_shop, shop,
          lightli_wizard_tower
D:12:     layout_cave_pools
D:13:     layout_long_grid, ximxim_vaults_locker_room, minmay_crystal_water
D:14:     layout_basic, minmay_staircase_bubble, uniq_frances
D:15:     grunt_enter_depths_snipers, layout_basic, gammafunk_ghost_crypt,
          serial_shops, nicolae_shop_trees, serial_rivers,
          chequers_serial_rivers_micro_e, chequers_serial_rivers_small_3,
          chequers_serial_rivers_micro_b, chequers_serial_rivers_micro_c,
          uniq_jorgrun
Temple:   dpeg_chambers_temple
Lair:1:   layout_roguey, basic_altar
Lair:2:   layout_cave_pods, elwin_shoals_entry_rooms, grunt_megastairs_1
Lair:3:   layout_regular_city, hibernation_bobbens, serial_bayou_shore_b
Lair:4:   layout_concentric_octagons, guppyfry_snake_entry_island,
          lemuel_fruit_tree, serial_bayou_shore_a
Lair:5:   layout_long_grid
Snake:1:  layout_basic, uniq_roxanne
Orc:1:    layout_diamond_mine, guppyfry_library_mini
Orc:2:    st_orc_elflike, layout_diamond_mine, serial_shops, shop, shop, shop,
          uniq_azrael

Skill      XL: |  1  2  3  4  5  6  7  8  9 10 11 12 13 14 15 |
---------------+----------------------------------------------+-----
Spellcasting   | 3 4 5 7 8 10 11 12 13 14 | 14.8
Fighting       | 1 2 3 4 5 7 8 9 10 11 | 11.1
Stealth        | 2 3 4 5 6 |  6.4
Short Blades   | 1 |  1.7
Dodging        | 3 4 5 6 7 |  7.8
Armour         | 2 3 4 5 6 |  6.4
Staves         | 4 5 6 7 |  7.8
Evocations     | 1 |  1.6

Action                   |  1- 3 |  4- 6 |  7- 9 | 10-12 | 13-15 || total
-------------------------+-------+-------+-------+-------+-------++-------
Melee: Unarmed           |     1 |       |       |       |       ||     1
       Dagger            |    77 |    41 |    23 |       |       ||   141
       Quarterstaff      |       |       |       |   135 |   121 ||   256
 Cast: Foxfire           |    28 |    52 |   150 |    27 |    63 ||   320
       Scorch            |       |    16 |    58 |    20 |    41 ||   135
       Flame Wave        |       |     1 |     9 |    61 |   101 ||   172
       Cause Fear        |       |       |       |     4 |     2 ||     6
       Conjure Flame     |       |       |       |       |     3 ||     3
       Slow              |       |       |       |       |     1 ||     1
       Summon Cactus Gia |       |       |       |       |    13 ||    13
Invok: Call Merchant     |       |       |       |       |     2 ||     2
Evoke: Wand              |       |       |       |       |     7 ||     7
  Use: Scroll            |     2 |     1 |     7 |    13 |     9 ||    32
       Potion            |       |       |     3 |       |     9 ||    12
 Stab: Sleeping          |     8 |     4 |     3 |     2 |     3 ||    20
       Distracted        |       |       |       |     2 |     2 ||     4
       Invisible         |       |       |       |       |     6 ||     6
Armor: Robe              |    19 |    15 |    13 |       |    78 ||   125
       Leather armour    |       |       |     9 |    78 |    15 ||   102
Dodge: Dodged            |    50 |    44 |    41 |   156 |   209 ||   500

Table legend: (Time is in decaauts)
 A = Elapsed time spent in this place.
 B = Non-inter-level travel time spent in this place.
 C = Inter-level travel time spent in this place.
 D = Time resting spent in this place.
 E = Time spent auto-exploring this place.
 F = Levels seen in this place.
 G = Mean time per level.
                   A        B        C        D        E       F      G
               +--------+--------+--------+--------+--------+-----+--------+
         Total |  23844 |  21815 |   2029 |   1355 |  17092 |  25 |  953.8 |
       Dungeon |  17300 |  15915 |   1385 |   1169 |  12536 |  15 | 1153.3 |
        Temple |    155 |    142 |     13 |      0 |    128 |   1 |  155.0 |
          Lair |   4393 |   3916 |    477 |     90 |   3245 |   5 |  878.6 |
     Snake Pit |     12 |     12 |      0 |      0 |      0 |   1 |   12.0 |
  Orcish Mines |   1491 |   1338 |    153 |     96 |    802 |   2 |  745.5 |
       Ossuary |    490 |    490 |      0 |      0 |    381 |   1 |  490.0 |
               +--------+--------+--------+--------+--------+-----+--------+

Top non-repeatable levels by time:
     D:1: 2181 daAuts
     D:3: 1444 daAuts
     D:8: 1382 daAuts
     D:6: 1379 daAuts
    D:11: 1333 daAuts
     D:4: 1316 daAuts
     D:9: 1260 daAuts
     D:5: 1254 daAuts
  Lair:1: 1079 daAuts
     D:7: 1060 daAuts
  Lair:2: 1045 daAuts
  Lair:4: 1043 daAuts
     D:2: 1020 daAuts
    D:10: 984 daAuts
    D:13: 969 daAuts
